 Dungeon Crawl Stone Soup version 0.24-a0-537-g2d01d4ab0a (webtiles) character file.

Game seed: 9235653403964204443

293 Esekla the Poker (level 6, -1/46 HPs)
             Began as a Formicid Skald on Aug 16, 2019.
             Slain by Crazy Yiuf
             ... wielding a +3 quarterstaff of chaos
              (9 damage)
             ... on level 3 of the Dungeon.
             The game lasted 00:33:31 (2823 turns).

Esekla the Poker (Formicid Skald)                   Turns: 2823, Time: 00:33:31

Health: -1/46      AC:  3    Str: 16    XL:     6   Next: 60%
Magic:  7/10       EV: 12    Int: 14    God:
Gold:   211        SH:  0    Dex: 10    Spells: 2/10 levels left

rFire    . . .     SeeInvis +   a - +0 spear
rCold    . . .     Gourm    .   (no shield)
rNeg     . . .     Faith    .   b - +0 leather armour
rPois    .         Spirit   .   (helmet unavailable)
rElec    .         Reflect  .   (no cloak)
rCorr    .         Harm     .   (no gloves)
MR       .....                  (no boots)
Stlth    +.........             (no amulet)
HPRegen  1.15/turn              c - +5 ring of slaying
MPRegen  0.12/turn              (no ring)

@: regenerating, lightly drained
A: permanent stasis, dig shafts and tunnels, four strong arms, antennae 3
a: Dig, Shaft Self


You were on level 3 of the Dungeon.
You were hungry.

You visited 1 branch of the dungeon, and saw 3 of its levels.
You also visited: Sewer.

You collected 211 gold pieces.

Inventory:

Hand Weapons
 a - a +0 spear (weapon)
 e - a +0 short sword of venom
 i - a +2 dagger of freezing
 m - a +1 antimagic dagger
 p - a +0 war axe
Missiles
 f - 14 poisoned darts (quivered)
 q - 2 boomerangs
Armour
 b - a +0 leather armour (worn)
Jewellery
 c - a +5 ring of slaying (left hand)
 o - an uncursed ring of resist corrosion
Scrolls
 h - a scroll of remove curse
 j - a scroll of teleportation {unknown}
Potions
 g - 2 potions of heal wounds {unknown}
 k - a potion of flight {unknown}
 l - 2 potions of curing
 n - a potion of magic
Comestibles
 d - 2 rations


   Skills:
 + Level 2.5(2.2) Fighting
 * Level 4.6(4.3) Polearms
 + Level 1.7(1.4) Armour
 + Level 2.2(1.9) Dodging
 + Level 2.8(2.6) Spellcasting
 + Level 3.4(3.1) Charms
 * Level 1.3(1.0) Necromancy
 * Level 1.5(1.2) Translocations


You had 2 spell levels left.
You knew the following spells:

 Your Spells              Type           Power        Failure   Level  Hunger
a - Infusion              Chrm           ##..         8%          1    #......
b - Shroud of Golubria    Chrm/Tloc      #.....       17%         2    ###....
c - Song of Slaying       Chrm           ##......     12%         2    ###....
e - Regeneration          Chrm/Necr      #.........   34%         3    ###....

Your spell library contained the following spells:

 Spells                   Type           Power        Failure   Level  Hunger
 Spectral Weapon          Hex/Chrm       #.......     41%         3    ###....


Dungeon Overview and Level Annotations

Branches:
Dungeon (3/15)

Altars:
Fedhas

Annotations:
D:2 exclusion: oklob plant
D:3 2 runed translucent doors, Crazy Yiuf; Mithandil's ghost, amateur TeCj


Innate Abilities, Weirdness & Mutations

You cannot be hasted, slowed, berserked, paralysed or teleported.
You can dig through walls and to a lower floor.
Your four strong arms can wield two-handed weapons with a shield.
You have a pair of large antennae on your head. (SInv)


Message History

Crazy Yiuf is severely wounded.
Crazy Yiuf hits you with a +3 quarterstaff of chaos!
Crazy Yiuf burns you.
You hit Crazy Yiuf.
Crazy Yiuf is almost dead.
Crazy Yiuf hits you with a +3 quarterstaff of chaos!
Crazy Yiuf draws strength from your wounds!
You barely miss Crazy Yiuf.
Crazy Yiuf is severely wounded.
You completely miss Crazy Yiuf.
Crazy Yiuf is severely wounded.
Crazy Yiuf hits you with a +3 quarterstaff of chaos.
* * * LOW HITPOINT WARNING * * *
You feel drained.
* * * LOW HITPOINT WARNING * * *
Casting: Regeneration (safe; 34% risk of failure)
Confirm with . or Enter, or press ? or * to list all spells.
Your skin crawls.
Crazy Yiuf hits you with a +3 quarterstaff of chaos!
You die...

#....###.#
#....# #.#
#....# #.#
##...#
#.##########
##.##
#...........
##.#
############
#.## ##.#
#@## ###
.###. #g# #..
..... ... #.#
.###. #...#
#.# #)..# #.#
##### #.# ###
#.#
##.########
##<##
#.###..##.#
##.†.########


You could see Crazy Yiuf.

Vanquished Creatures
  Purgy (D:3)
  A crocodile (Sewer)
  Robin (D:3)
  2 adders (D:2)
  5 worms
  A dart slug (D:3)
  3 leopard geckos
  3 orcs (D:3)
  21 goblins
  4 hobgoblins
  5 jackals
  6 kobolds
  A quokka (D:3)
  11 bats
  6 frilled lizards
  5 rats
  A fungus (D:2)
77 creatures vanquished.

Notes
Turn   | Place    | Note
-------+----------+-------------------------------------------
     0 | D:1      | Esekla the Formicid Skald began the quest for the Orb.
     0 | D:1      | Reached XP level 1. HP: 16/16 MP: 3/3
    92 | D:1      | Reached XP level 2. HP: 22/22 MP: 3/5
   109 | D:1      | Learned a level 2 spell: Song of Slaying
   112 | D:1      | Learned a level 2 spell: Shroud of Golubria
   491 | D:2      | Reached XP level 3. HP: 25/27 MP: 6/6
  1180 | D:2      | Reached XP level 4. HP: 34/34 MP: 7/7
  1199 | D:2      | Learned a level 3 spell: Regeneration
  1568 | D:2      | Found a blossoming altar of Fedhas.
  1586 | D:2      | Noticed an oklob plant
  1754 | D:3      | Found a runed translucent door.
  1754 | D:3      | Noticed Mithandil's ghost (amateur TeCj)
  1759 | D:3      | Reached skill level 3 in Polearms
  1798 | D:3      | Noticed Robin
  1807 | D:3      | Killed Robin
  1964 | D:3      | Found a faded altar of an unknown god.
  1995 | D:3      | Reached XP level 5. HP: 39/39 MP: 9/9
  2116 | D:3      | Found a glowing drain.
  2159 | Sewer    | Entered a sewer
  2262 | Sewer    | Noticed a crocodile
  2270 | Sewer    | Killed a crocodile
  2270 | Sewer    | Reached skill level 4 in Polearms
  2270 | Sewer    | Reached skill level 1 in Necromancy
  2270 | Sewer    | Reached skill level 1 in Translocations
  2270 | Sewer    | Reached XP level 6. HP: 25/46 MP: 10/10
  2603 | D:3      | Found a runed translucent door.
  2674 | D:3      | Noticed Purgy
  2687 | D:3      | Killed Purgy
  2811 | D:3      | Found a runed translucent door.
  2812 | D:3      | Noticed Crazy Yiuf
  2823 | D:3      | Slain by Crazy Yiuf

Levels and vault maps discovered:
D:1:      grunt_arrival_crossed_arrows, layout_loops_corners,
          minmay_misc_feat_pillars
D:2:      cheibrodos_helix_gallery, layout_loops_ring, tgw_fedhas
D:3:      layout_loops_ring, chequers_ecumenical_altar_simple,
          cheibrodos_sewer_entry_bend, ebering_ghost_sewer_f,
          kennysheep_generic_room_11, uniq_robin, uniq_crazy_yiuf_cottage,
          uniq_purgy

Skill      XL: |  1  2  3  4  5 |
---------------+----------------+-----
Dodging        | 2 |  2.2
Polearms       | 3 4 |  4.6
Necromancy     | 1 |  1.3
Translocations | 1 |  1.5
Fighting       | |  2.5
Armour         | |  1.7
Spellcasting   | |  2.8
Charms         | |  3.4

Action                   |  1- 3 |  4- 6 || total
-------------------------+-------+-------++-------
Melee: Spear             |    89 |   135 ||   224
Throw: Dart              |       |     2 ||     2
 Cast: Infusion          |     2 |       ||     2
       Shroud of Golubri |     1 |       ||     1
       Regeneration      |       |     6 ||     6
  Use: Scroll            |       |     7 ||     7
  Eat: Ration            |     1 |     1 ||     2
Armor: Leather armour    |    14 |    17 ||    31
Dodge: Dodged            |    43 |    45 ||    88

Table legend:
 A = Non-vault XP
 B = Vault XP
 C = Vault XP percentage of total XP
 D = Non-vault monster count
 E = Vault monster count
 F = Vault count percentage of total count
                 A         B        C        D         E       F
            +---------+---------+-------+---------+---------+-------
      Total |     125 |     294 |  70.2 |      52 |      24 |  31.6
            +---------+---------+-------+---------+---------+-------
        D:1 |      31 |       0 |   0.0 |      21 |       0 |   0.0
        D:2 |      52 |       4 |   7.1 |      12 |       2 |  14.3
        D:3 |      42 |     180 |  81.1 |      19 |      16 |  45.7
      Sewer |       0 |     110 | 100.0 |       0 |       6 | 100.0
            +---------+---------+-------+---------+---------+-------
